 Dungeon Crawl Stone Soup version 0.30.1-9-gdf580d7c3d (webtiles) character file.

Game seed: 13214754383468312639

237 Zalbag the Magician (level 6, -7/42 HPs)
             Began as a Djinni Fire Elementalist on Oct 25, 2023.
             Mangled by an orc
             ... wielding a +0 war axe
              (8 damage)
             ... on level 4 of the Dungeon.
             The game lasted 00:05:31 (2375 turns).

Zalbag the Magician (Djinni Fire Elementalist)      Turns: 2375, Time: 00:05:32

Health: -7/42      AC:  6    Str:  7    XL:     6   Next: 28%
Gold:   185        EV: 11    Int: 19    God:
                   SH:  0    Dex: 13

rFire   + + .        s - +0 dagger (elec)
rCold   x . .        (no shield)
rNeg    . . .        n - +3 leather armour
rPois   ∞            (no helmet)
rElec   .            (no cloak)
rCorr   .            (no gloves)
SInv    .            (boots unavailable)
Will    .....        (no amulet)
Stlth   ++           (no ring)
HPRegen 0.27/turn    (no ring)
MPRegen 0.00/turn

%: infuse magic (-8 HP)
@: flying
A: sickness immunity, fire resistance 2, cold vulnerability 1, float, innate
caster, HP casting, extra vitality 1
a: no special abilities


You were on level 4 of the Dungeon.
You visited 1 branch of the dungeon, and saw 4 of its levels.

You collected 185 gold pieces.

Inventory:

Hand Weapons
 h - a +0 spear
 s - a +0 dagger of electrocution (weapon)
Missiles
 q - a javelin (quivered)
 r - 5 poisoned darts
Armour
 a - a +0 robe
 n - a +3 leather armour (worn)
Jewellery
 k - an amulet of faith
Wands
 u - a wand of digging (11)
Scrolls
 c - a scroll of immolation {unknown}
 f - a scroll of enchant weapon {unknown}
 j - a scroll of teleportation {unknown}
 l - a scroll of identify {unknown}
 m - a scroll of silence {unknown}
 o - a scroll of amnesia {unknown}
 p - a scroll of brand weapon {unknown}
 t - a scroll of fog {unknown}
 v - a scroll of fear {unknown}
 x - a scroll of blinking {unknown}
Potions
 b - a potion of degeneration {unknown}
 d - 3 potions of curing
 e - a potion of magic {unknown}
 g - a potion of lignification {unknown}
 i - a potion of flight {unknown}
 w - a potion of heal wounds {unknown}


   Skills:
 + Level 1.0 Fighting
 - Level 2.3 Armour
 - Level 2.2 Dodging
 - Level 1.6 Stealth
 * Level 4.4 Spellcasting


You knew the following spells:

 Your Spells              Type           Power      Damage    Failure   Level
a - Foxfire               Conj/Fire      84%        2x1d8     3%          1
b - Scorch                Fire           42%        2d7       4%          2
c - Volatile Blastmotes   Fire/Tloc      42%        2d13      9%          3
d - Inner Flame           Hex/Fire       21%        N/A       9%          3
e - Flame Wave            Conj/Fire      21%        2d8       30%         4
f - Beastly Appendage     Tmut           42%        N/A       3%          1
g - Passwall              Tmut/Erth      17%        N/A       4%          2
Your spell library was empty.

Dungeon Overview and Level Annotations

Branches:
Dungeon (4/15)
 Temple: D:4-7

Altars:
Dithmenos
Xom

Shops:
D:1 [


Innate Abilities, Weirdness & Mutations

You are immune to sickness and miasma.
You are immune to poison.
Your flesh is very heat resistant. (rF++)
You are vulnerable to cold. (rC-)
You float through the air rather than walking.
You learn spells naturally, not from books.
Your magical power is your life essence.
You have superior vitality. (+4 MHP)


Message History

You miscast Scorch.
You are very lightly contaminated with residual magic.
Nothing appears to happen.
The orc hits you with a +0 war axe. The orc hits you with a +0 mace.
Something hits you but does no damage.
Unknown command.
Casting: Scorch (safe; 4% risk of failure)
Confirm with . or Enter, or press ? or * to list all spells.
Flames lash the orc.
The orc is heavily wounded.
The orc's fire resistance burns away.
Something hits you. The orc hits you with a +0 war axe!
* * * LOW HITPOINT WARNING * * *
The orc hits you with a +0 mace.
* * * LOW HITPOINT WARNING * * *
It was a potion of curing.
You feel better. Something hits you.
* * * LOW HITPOINT WARNING * * *
The orc hits you with a +0 war axe.
* * * LOW HITPOINT WARNING * * *
The orc hits you but does no damage.
The orc is no longer more vulnerable to fire.
The orc is no longer more vulnerable to fire.
A kobold comes into view. It is wielding a +0 whip.
Found 9 gold pieces.
Found a stone staircase leading down.
Something hits you.
* * * LOW HITPOINT WARNING * * *
The kobold throws a stone.
The stone barely misses you.
Your magical contamination has completely faded away.
You hear some strange, mumbled words.
Something tries to affect you, but you resist.
The orc attacks as you move away! The orc hits you with a +0 war axe.
* * * LOW HITPOINT WARNING * * *
Found a stone staircase leading down.
The orc attacks as you move away! The orc barely misses you.
The orc attacks as you move away! The orc hits you but does no damage.
The orc attacks as you move away! The orc misses you.
The orc attacks as you move away! The orc hits you with a +0 war axe.
* * * LOW HITPOINT WARNING * * *
You see here 10 gold pieces.
The orc attacks as you move away! The orc hits you with a +0 war axe!
You die...

#........###.........###
#......####..#.###......_
.........###...##......#.
..............##.#.......
.......##....)............
.......####.###.........##
......## ### #...)......
.....#### ##.........
........## ##..@.......
.........####..o........
..........###o..)......
...........o............
..# ..>.#.K####............
W.. . #.## ###...###.....
..#
#.####......##.(#..##.##
#K.##........#..##.....####
#..o..................)..#.


You could see an orc wizard and 2 orcs.

Vanquished Creatures
  A scorpion (D:3)
  An iguana (D:2)
  Ijyb (D:3)
  2 orc wizards (D:4)
  3 adders
  3 worms
  3 orcs
  7 ball pythons
  5 endoplasms
  3 giant cockroaches
  3 goblins
  4 hobgoblins
  3 bats
  3 kobolds
  5 rats
47 creatures vanquished.

Vanquished Creatures (others)
  28 foxfires
28 creatures vanquished.

Grand Total: 75 creatures vanquished

Notes
Turn   | Place    | Note
-------+----------+-------------------------------------------
     0 | D:1      | Zalbag the Djinni Fire Elementalist began the quest for the
                  | Orb.
     0 | D:1      | Zalbag set off with the following spells memorised:
                  | Foxfire, Scorch, Volatile Blastmotes, Inner Flame, Flame
                  | Wave.
     0 | D:1      | Reached XP level 1. HP: 15/15 MP: 0/0
   415 | D:1      | Reached XP level 2. HP: 21/21 MP: 0/0
   595 | D:1      | Found Jixzamis's Antique Armour Emporium.
   764 | D:2      | Reached skill level 3 in Spellcasting
   931 | D:2      | Found a shimmering altar of Xom.
   994 | D:2      | Reached XP level 3. HP: 24/25 MP: 0/0
   994 | D:2      | Learned a level 1 spell: Beastly Appendage
  1109 | D:2      | Reached skill level 1 in Armour
  1109 | D:2      | Reached XP level 4. HP: 17/31 MP: 0/0
  1699 | D:3      | Noticed Ijyb
  1707 | D:3      | Killed Ijyb
  1708 | D:3      | Reached XP level 5. HP: 30/35 MP: 0/0
  1708 | D:3      | Learned a level 2 spell: Passwall
  2014 | D:3      | Found a shadowy altar of Dithmenos.
  2078 | D:4      | Noticed a phantom
  2147 | D:3      | Reached skill level 4 in Spellcasting
  2245 | D:4      | Found a shimmering altar of Xom.
  2292 | D:4      | Reached XP level 6. HP: 35/41 MP: 0/0
  2345 | D:4      | Reached skill level 1 in Fighting
  2367 | D:4      | HP: 2/42 [orc/+0 war axe (5)]
  2372 | D:4      | HP: 1/42 [orc/+0 war axe (3)]
  2375 | D:4      | Mangled by an orc

Illustrated notes

Levels and vault maps discovered:
D:1:      evilmike_arrival_crescent, layout_loops_ring, serial_shops, shop
D:2:      layout_rooms, basic_altar
D:3:      layout_loops_cross, lemuel_coloured_pillars_altar, uniq_ijyb
D:4:      layout_cave_pools, nicolae_overflow_crystal_walls, fedhas_altar_3,
          lemuel_crystal_altar

Skill      XL: |  1  2  3  4  5  6 |
---------------+-------------------+-----
Spellcasting   | 3 4 |  4.4
Armour         | 1 2 |  2.3
Fighting       | 1 |  1.0
Dodging        | |  2.2
Stealth        | |  1.6

Action                     |  1- 3 |  4- 6 || total
---------------------------+-------+-------++-------
  Melee: Short sword       |    72 |    12 ||    84
         Hand axe          |     1 |       ||     1
         Dagger            |       |    30 ||    30
  Throw: Javelin           |     1 |     2 ||     3
   Cast: Foxfire           |    11 |     4 ||    15
         Scorch            |     7 |    24 ||    31
    Use: Potion            |       |     1 ||     1
   Stab: Sleeping          |     2 |     1 ||     3
 Armour: Robe              |     8 |       ||     8
         Leather armour    |    16 |    26 ||    42
  Dodge: Dodged            |    43 |    44 ||    87
